%YAML 1.1
%TAG !u! tag:unity3d.com,2011:
--- !u!29 &1
OcclusionCullingSettings:
  m_ObjectHideFlags: 0
  serializedVersion: 2
  m_OcclusionBakeSettings:
    smallestOccluder: 5
    smallestHole: 0.25
    backfaceThreshold: 100
  m_SceneGUID: 00000000000000000000000000000000
  m_OcclusionCullingData: {fileID: 0}
--- !u!104 &2
RenderSettings:
  m_ObjectHideFlags: 0
  serializedVersion: 9
  m_Fog: 0
  m_FogColor: {r: 0.5, g: 0.5, b: 0.5, a: 1}
  m_FogMode: 3
  m_FogDensity: 0.01
  m_LinearFogStart: 0
  m_LinearFogEnd: 300
  m_AmbientSkyColor: {r: 0.212, g: 0.227, b: 0.259, a: 1}
  m_AmbientEquatorColor: {r: 0.114, g: 0.125, b: 0.133, a: 1}
  m_AmbientGroundColor: {r: 0.047, g: 0.043, b: 0.035, a: 1}
  m_AmbientIntensity: 1
  m_AmbientMode: 0
  m_SubtractiveShadowColor: {r: 0.42, g: 0.478, b: 0.627, a: 1}
  m_SkyboxMaterial: {fileID: 10304, guid: 0000000000000000f000000000000000, type: 0}
  m_HaloStrength: 0.5
  m_FlareStrength: 1
  m_FlareFadeSpeed: 3
  m_HaloTexture: {fileID: 0}
  m_SpotCookie: {fileID: 10001, guid: 0000000000000000e000000000000000, type: 0}
  m_DefaultReflectionMode: 0
  m_DefaultReflectionResolution: 128
  m_ReflectionBounces: 1
  m_ReflectionIntensity: 1
  m_CustomReflection: {fileID: 0}
  m_Sun: {fileID: 0}
  m_IndirectSpecularColor: {r: 0.4508481, g: 0.49910426, b: 0.56572694, a: 1}
  m_UseRadianceAmbientProbe: 0
--- !u!157 &3
LightmapSettings:
  m_ObjectHideFlags: 0
  serializedVersion: 11
  m_GIWorkflowMode: 0
  m_GISettings:
    serializedVersion: 2
    m_BounceScale: 1
    m_IndirectOutputScale: 1
    m_AlbedoBoost: 1
    m_TemporalCoherenceThreshold: 1
    m_EnvironmentLightingMode: 0
    m_EnableBakedLightmaps: 1
    m_EnableRealtimeLightmaps: 1
  m_LightmapEditorSettings:
    serializedVersion: 10
    m_Resolution: 2
    m_BakeResolution: 40
    m_AtlasSize: 1024
    m_AO: 0
    m_AOMaxDistance: 1
    m_CompAOExponent: 1
    m_CompAOExponentDirect: 0
    m_Padding: 2
    m_LightmapParameters: {fileID: 0}
    m_LightmapsBakeMode: 1
    m_TextureCompression: 1
    m_FinalGather: 0
    m_FinalGatherFiltering: 1
    m_FinalGatherRayCount: 256
    m_ReflectionCompression: 2
    m_MixedBakeMode: 2
    m_BakeBackend: 1
    m_PVRSampling: 1
    m_PVRDirectSampleCount: 32
    m_PVRSampleCount: 500
    m_PVRBounces: 2
    m_PVRFilterTypeDirect: 0
    m_PVRFilterTypeIndirect: 0
    m_PVRFilterTypeAO: 0
    m_PVRFilteringMode: 1
    m_PVRCulling: 1
    m_PVRFilteringGaussRadiusDirect: 1
    m_PVRFilteringGaussRadiusIndirect: 5
    m_PVRFilteringGaussRadiusAO: 2
    m_PVRFilteringAtrousPositionSigmaDirect: 0.5
    m_PVRFilteringAtrousPositionSigmaIndirect: 2
    m_PVRFilteringAtrousPositionSigmaAO: 1
    m_ShowResolutionOverlay: 1
  m_LightingDataAsset: {fileID: 0}
  m_UseShadowmask: 1
--- !u!196 &4
NavMeshSettings:
  serializedVersion: 2
  m_ObjectHideFlags: 0
  m_BuildSettings:
    serializedVersion: 2
    agentTypeID: 0
    agentRadius: 0.5
    agentHeight: 2
    agentSlope: 45
    agentClimb: 0.4
    ledgeDropHeight: 0
    maxJumpAcrossDistance: 0
    minRegionArea: 2
    manualCellSize: 0
    cellSize: 0.16666667
    manualTileSize: 0
    tileSize: 256
    accuratePlacement: 0
    debug:
      m_Flags: 0
  m_NavMeshData: {fileID: 0}
--- !u!1001 &774523469
Prefab:
  m_ObjectHideFlags: 0
  serializedVersion: 2
  m_Modification:
    m_TransformParent: {fileID: 0}
    m_Modifications:
    - target: {fileID: 400126, guid: 1957080be0a9c7d4396a6b3374acab4e, type: 3}
      propertyPath: m_LocalPosition.x
      value: -3.2639697
      objectReference: {fileID: 0}
    - target: {fileID: 400126, guid: 1957080be0a9c7d4396a6b3374acab4e, type: 3}
      propertyPath: m_LocalPosition.y
      value: 1.4910005e-16
      objectReference: {fileID: 0}
    - target: {fileID: 400126, guid: 1957080be0a9c7d4396a6b3374acab4e, type: 3}
      propertyPath: m_LocalPosition.z
      value: -6.714869
      objectReference: {fileID: 0}
    - target: {fileID: 400126, guid: 1957080be0a9c7d4396a6b3374acab4e, type: 3}
      propertyPath: m_LocalRotation.x
      value: 0
      objectReference: {fileID: 0}
    - target: {fileID: 400126, guid: 1957080be0a9c7d4396a6b3374acab4e, type: 3}
      propertyPath: m_LocalRotation.y
      value: 0
      objectReference: {fileID: 0}
    - target: {fileID: 400126, guid: 1957080be0a9c7d4396a6b3374acab4e, type: 3}
      propertyPath: m_LocalRotation.z
      value: 0
      objectReference: {fileID: 0}
    - target: {fileID: 400126, guid: 1957080be0a9c7d4396a6b3374acab4e, type: 3}
      propertyPath: m_LocalRotation.w
      value: 1
      objectReference: {fileID: 0}
    - target: {fileID: 400126, guid: 1957080be0a9c7d4396a6b3374acab4e, type: 3}
      propertyPath: m_RootOrder
      value: 2
      objectReference: {fileID: 0}
    - target: {fileID: 13700000, guid: 1957080be0a9c7d4396a6b3374acab4e, type: 3}
      propertyPath: m_Materials.Array.data[0]
      value: 
      objectReference: {fileID: 2100000, guid: cf15ea45161afea4a8b757b9c39b73e5, type: 2}
    - target: {fileID: 100126, guid: 1957080be0a9c7d4396a6b3374acab4e, type: 3}
      propertyPath: m_IsActive
      value: 1
      objectReference: {fileID: 0}
    - target: {fileID: 100126, guid: 1957080be0a9c7d4396a6b3374acab4e, type: 3}
      propertyPath: m_Name
      value: Zombie2
      objectReference: {fileID: 0}
    m_RemovedComponents: []
  m_SourcePrefab: {fileID: 100100000, guid: 1957080be0a9c7d4396a6b3374acab4e, type: 3}
  m_IsPrefabAsset: 0
--- !u!1 &774523470 stripped
GameObject:
  m_CorrespondingSourceObject: {fileID: 100126, guid: 1957080be0a9c7d4396a6b3374acab4e,
    type: 3}
  m_PrefabInternal: {fileID: 774523469}
--- !u!95 &774523471
Animator:
  serializedVersion: 3
  m_ObjectHideFlags: 0
  m_CorrespondingSourceObject: {fileID: 0}
  m_PrefabInternal: {fileID: 0}
  m_GameObject: {fileID: 774523470}
  m_Enabled: 1
  m_Avatar: {fileID: 9000000, guid: 79758e9c3e4dfc14aab6d3807afc4d6d, type: 3}
  m_Controller: {fileID: 9100000, guid: efe1a195b3cb3494c8cf5c2163f55151, type: 2}
  m_CullingMode: 0
  m_UpdateMode: 0
  m_ApplyRootMotion: 0
  m_LinearVelocityBlending: 0
  m_WarningMessage: 
  m_HasTransformHierarchy: 1
  m_AllowConstantClipSamplingOptimization: 1
  m_KeepAnimatorControllerStateOnDisable: 0
--- !u!1 &1185728647
GameObject:
  m_ObjectHideFlags: 0
  m_CorrespondingSourceObject: {fileID: 0}
  m_PrefabInternal: {fileID: 0}
  serializedVersion: 6
  m_Component:
  - component: {fileID: 1185728649}
  - component: {fileID: 1185728648}
  m_Layer: 0
  m_Name: Directional Light
  m_TagString: Untagged
  m_Icon: {fileID: 0}
  m_NavMeshLayer: 0
  m_StaticEditorFlags: 0
  m_IsActive: 1
--- !u!108 &1185728648
Light:
  m_ObjectHideFlags: 0
  m_CorrespondingSourceObject: {fileID: 0}
  m_PrefabInternal: {fileID: 0}
  m_GameObject: {fileID: 1185728647}
  m_Enabled: 1
  serializedVersion: 8
  m_Type: 1
  m_Color: {r: 1, g: 0.95686275, b: 0.8392157, a: 1}
  m_Intensity: 1
  m_Range: 10
  m_SpotAngle: 30
  m_CookieSize: 10
  m_Shadows:
    m_Type: 2
    m_Resolution: -1
    m_CustomResolution: -1
    m_Strength: 1
    m_Bias: 0.05
    m_NormalBias: 0.4
    m_NearPlane: 0.2
  m_Cookie: {fileID: 0}
  m_DrawHalo: 0
  m_Flare: {fileID: 0}
  m_RenderMode: 0
  m_CullingMask:
    serializedVersion: 2
    m_Bits: 4294967295
  m_Lightmapping: 4
  m_LightShadowCasterMode: 0
  m_AreaSize: {x: 1, y: 1}
  m_BounceIntensity: 1
  m_ColorTemperature: 6570
  m_UseColorTemperature: 0
  m_ShadowRadius: 0
  m_ShadowAngle: 0
--- !u!4 &1185728649
Transform:
  m_ObjectHideFlags: 0
  m_CorrespondingSourceObject: {fileID: 0}
  m_PrefabInternal: {fileID: 0}
  m_GameObject: {fileID: 1185728647}
  m_LocalRotation: {x: 0.14038682, y: 0.95753187, z: -0.18354115, w: 0.17244405}
  m_LocalPosition: {x: 0, y: 3, z: 0}
  m_LocalScale: {x: 1, y: 1, z: 1}
  m_Children: []
  m_Father: {fileID: 0}
  m_RootOrder: 6
  m_LocalEulerAnglesHint: {x: 23.573002, y: 162.29701, z: 12.960001}
--- !u!1001 &1411777526
Prefab:
  m_ObjectHideFlags: 0
  serializedVersion: 2
  m_Modification:
    m_TransformParent: {fileID: 0}
    m_Modifications:
    - target: {fileID: 400126, guid: 002465522238a0f44a420b10e902f85c, type: 3}
      propertyPath: m_LocalPosition.x
      value: -1.1567082
      objectReference: {fileID: 0}
    - target: {fileID: 400126, guid: 002465522238a0f44a420b10e902f85c, type: 3}
      propertyPath: m_LocalPosition.y
      value: 1.4865891e-16
      objectReference: {fileID: 0}
    - target: {fileID: 400126, guid: 002465522238a0f44a420b10e902f85c, type: 3}
      propertyPath: m_LocalPosition.z
      value: -6.6950026
      objectReference: {fileID: 0}
    - target: {fileID: 400126, guid: 002465522238a0f44a420b10e902f85c, type: 3}
      propertyPath: m_LocalRotation.x
      value: 0
      objectReference: {fileID: 0}
    - target: {fileID: 400126, guid: 002465522238a0f44a420b10e902f85c, type: 3}
      propertyPath: m_LocalRotation.y
      value: 0
      objectReference: {fileID: 0}
    - target: {fileID: 400126, guid: 002465522238a0f44a420b10e902f85c, type: 3}
      propertyPath: m_LocalRotation.z
      value: 0
      objectReference: {fileID: 0}
    - target: {fileID: 400126, guid: 002465522238a0f44a420b10e902f85c, type: 3}
      propertyPath: m_LocalRotation.w
      value: 1
      objectReference: {fileID: 0}
    - target: {fileID: 400126, guid: 002465522238a0f44a420b10e902f85c, type: 3}
      propertyPath: m_RootOrder
      value: 1
      objectReference: {fileID: 0}
    - target: {fileID: 13700000, guid: 002465522238a0f44a420b10e902f85c, type: 3}
      propertyPath: m_Materials.Array.data[0]
      value: 
      objectReference: {fileID: 2100000, guid: 212eda445f56e914e9889b453d085276, type: 2}
    - target: {fileID: 100126, guid: 002465522238a0f44a420b10e902f85c, type: 3}
      propertyPath: m_IsActive
      value: 1
      objectReference: {fileID: 0}
    - target: {fileID: 100126, guid: 002465522238a0f44a420b10e902f85c, type: 3}
      propertyPath: m_Name
      value: Zombie3
      objectReference: {fileID: 0}
    m_RemovedComponents: []
  m_SourcePrefab: {fileID: 100100000, guid: 002465522238a0f44a420b10e902f85c, type: 3}
  m_IsPrefabAsset: 0
--- !u!1 &1411777527 stripped
GameObject:
  m_CorrespondingSourceObject: {fileID: 100126, guid: 002465522238a0f44a420b10e902f85c,
    type: 3}
  m_PrefabInternal: {fileID: 1411777526}
--- !u!95 &1411777528
Animator:
  serializedVersion: 3
  m_ObjectHideFlags: 0
  m_CorrespondingSourceObject: {fileID: 0}
  m_PrefabInternal: {fileID: 0}
  m_GameObject: {fileID: 1411777527}
  m_Enabled: 1
  m_Avatar: {fileID: 9000000, guid: b2ee00c2af713644d9b54a9372b4ca17, type: 3}
  m_Controller: {fileID: 9100000, guid: efe1a195b3cb3494c8cf5c2163f55151, type: 2}
  m_CullingMode: 0
  m_UpdateMode: 0
  m_ApplyRootMotion: 0
  m_LinearVelocityBlending: 0
  m_WarningMessage: 
  m_HasTransformHierarchy: 1
  m_AllowConstantClipSamplingOptimization: 1
  m_KeepAnimatorControllerStateOnDisable: 0
--- !u!1 &1529328925
GameObject:
  m_ObjectHideFlags: 0
  m_CorrespondingSourceObject: {fileID: 0}
  m_PrefabInternal: {fileID: 0}
  serializedVersion: 6
  m_Component:
  - component: {fileID: 1529328929}
  - component: {fileID: 1529328928}
  - component: {fileID: 1529328927}
  - component: {fileID: 1529328926}
  m_Layer: 0
  m_Name: Plane
  m_TagString: Untagged
  m_Icon: {fileID: 0}
  m_NavMeshLayer: 0
  m_StaticEditorFlags: 0
  m_IsActive: 1
--- !u!64 &1529328926
MeshCollider:
  m_ObjectHideFlags: 0
  m_CorrespondingSourceObject: {fileID: 0}
  m_PrefabInternal: {fileID: 0}
  m_GameObject: {fileID: 1529328925}
  m_Material: {fileID: 0}
  m_IsTrigger: 0
  m_Enabled: 1
  serializedVersion: 3
  m_Convex: 0
  m_CookingOptions: 14
  m_SkinWidth: 0.01
  m_Mesh: {fileID: 10209, guid: 0000000000000000e000000000000000, type: 0}
--- !u!23 &1529328927
MeshRenderer:
  m_ObjectHideFlags: 0
  m_CorrespondingSourceObject: {fileID: 0}
  m_PrefabInternal: {fileID: 0}
  m_GameObject: {fileID: 1529328925}
  m_Enabled: 1
  m_CastShadows: 1
  m_ReceiveShadows: 1
  m_DynamicOccludee: 1
  m_MotionVectors: 1
  m_LightProbeUsage: 1
  m_ReflectionProbeUsage: 1
  m_RenderingLayerMask: 4294967295
  m_Materials:
  - {fileID: 2100000, guid: 2970f15ba9fb15849966994ea099ffe7, type: 3}
  m_StaticBatchInfo:
    firstSubMesh: 0
    subMeshCount: 0
  m_StaticBatchRoot: {fileID: 0}
  m_ProbeAnchor: {fileID: 0}
  m_LightProbeVolumeOverride: {fileID: 0}
  m_ScaleInLightmap: 1
  m_PreserveUVs: 0
  m_IgnoreNormalsForChartDetection: 0
  m_ImportantGI: 0
  m_StitchLightmapSeams: 0
  m_SelectedEditorRenderState: 3
  m_MinimumChartSize: 4
  m_AutoUVMaxDistance: 0.5
  m_AutoUVMaxAngle: 89
  m_LightmapParameters: {fileID: 0}
  m_SortingLayerID: 0
  m_SortingLayer: 0
  m_SortingOrder: 0
--- !u!33 &1529328928
MeshFilter:
  m_ObjectHideFlags: 0
  m_CorrespondingSourceObject: {fileID: 0}
  m_PrefabInternal: {fileID: 0}
  m_GameObject: {fileID: 1529328925}
  m_Mesh: {fileID: 10209, guid: 0000000000000000e000000000000000, type: 0}
--- !u!4 &1529328929
Transform:
  m_ObjectHideFlags: 0
  m_CorrespondingSourceObject: {fileID: 0}
  m_PrefabInternal: {fileID: 0}
  m_GameObject: {fileID: 1529328925}
  m_LocalRotation: {x: 0, y: 0, z: 0, w: 1}
  m_LocalPosition: {x: 0, y: 0, z: 0}
  m_LocalScale: {x: 16.545685, y: 16.54569, z: 16.54569}
  m_Children: []
  m_Father: {fileID: 0}
  m_RootOrder: 5
  m_LocalEulerAnglesHint: {x: 0, y: 0, z: 0}
--- !u!1001 &1632241037
Prefab:
  m_ObjectHideFlags: 0
  serializedVersion: 2
  m_Modification:
    m_TransformParent: {fileID: 0}
    m_Modifications:
    - target: {fileID: 400110, guid: 8b15fb1b155ab5f4aae71a9b5a175beb, type: 3}
      propertyPath: m_LocalPosition.x
      value: 2.9958687
      objectReference: {fileID: 0}
    - target: {fileID: 400110, guid: 8b15fb1b155ab5f4aae71a9b5a175beb, type: 3}
      propertyPath: m_LocalPosition.y
      value: 1.6852782e-16
      objectReference: {fileID: 0}
    - target: {fileID: 400110, guid: 8b15fb1b155ab5f4aae71a9b5a175beb, type: 3}
      propertyPath: m_LocalPosition.z
      value: -7.589818
      objectReference: {fileID: 0}
    - target: {fileID: 400110, guid: 8b15fb1b155ab5f4aae71a9b5a175beb, type: 3}
      propertyPath: m_LocalRotation.x
      value: 0
      objectReference: {fileID: 0}
    - target: {fileID: 400110, guid: 8b15fb1b155ab5f4aae71a9b5a175beb, type: 3}
      propertyPath: m_LocalRotation.y
      value: 0
      objectReference: {fileID: 0}
    - target: {fileID: 400110, guid: 8b15fb1b155ab5f4aae71a9b5a175beb, type: 3}
      propertyPath: m_LocalRotation.z
      value: 0
      objectReference: {fileID: 0}
    - target: {fileID: 400110, guid: 8b15fb1b155ab5f4aae71a9b5a175beb, type: 3}
      propertyPath: m_LocalRotation.w
      value: 1
      objectReference: {fileID: 0}
    - target: {fileID: 400110, guid: 8b15fb1b155ab5f4aae71a9b5a175beb, type: 3}
      propertyPath: m_RootOrder
      value: 4
      objectReference: {fileID: 0}
    - target: {fileID: 13700000, guid: 8b15fb1b155ab5f4aae71a9b5a175beb, type: 3}
      propertyPath: m_Materials.Array.data[0]
      value: 
      objectReference: {fileID: 2100000, guid: b492744028f92d34380cd99fd1b4db78, type: 2}
    - target: {fileID: 9500000, guid: 8b15fb1b155ab5f4aae71a9b5a175beb, type: 3}
      propertyPath: m_Avatar
      value: 
      objectReference: {fileID: 9000000, guid: 6630330e02f184b45b56d1b48879722e, type: 3}
    - target: {fileID: 9500000, guid: 8b15fb1b155ab5f4aae71a9b5a175beb, type: 3}
      propertyPath: m_Controller
      value: 
      objectReference: {fileID: 9100000, guid: a1b14f3ec612dee4e941b68572e789c4, type: 2}
    - target: {fileID: 400054, guid: 8b15fb1b155ab5f4aae71a9b5a175beb, type: 3}
      propertyPath: m_LocalEulerAnglesHint.x
      value: 31.767017
      objectReference: {fileID: 0}
    - target: {fileID: 400054, guid: 8b15fb1b155ab5f4aae71a9b5a175beb, type: 3}
      propertyPath: m_LocalEulerAnglesHint.y
      value: 45.17828
      objectReference: {fileID: 0}
    - target: {fileID: 400054, guid: 8b15fb1b155ab5f4aae71a9b5a175beb, type: 3}
      propertyPath: m_LocalEulerAnglesHint.z
      value: 58.060894
      objectReference: {fileID: 0}
    - target: {fileID: 400106, guid: 8b15fb1b155ab5f4aae71a9b5a175beb, type: 3}
      propertyPath: m_LocalEulerAnglesHint.x
      value: 7.547241
      objectReference: {fileID: 0}
    - target: {fileID: 400106, guid: 8b15fb1b155ab5f4aae71a9b5a175beb, type: 3}
      propertyPath: m_LocalEulerAnglesHint.y
      value: -4.763772
      objectReference: {fileID: 0}
    - target: {fileID: 400106, guid: 8b15fb1b155ab5f4aae71a9b5a175beb, type: 3}
      propertyPath: m_LocalEulerAnglesHint.z
      value: 28.578009
      objectReference: {fileID: 0}
    - target: {fileID: 400026, guid: 8b15fb1b155ab5f4aae71a9b5a175beb, type: 3}
      propertyPath: m_LocalEulerAnglesHint.x
      value: 1.3712893
      objectReference: {fileID: 0}
    - target: {fileID: 400026, guid: 8b15fb1b155ab5f4aae71a9b5a175beb, type: 3}
      propertyPath: m_LocalEulerAnglesHint.y
      value: 19.897436
      objectReference: {fileID: 0}
    - target: {fileID: 400026, guid: 8b15fb1b155ab5f4aae71a9b5a175beb, type: 3}
      propertyPath: m_LocalEulerAnglesHint.z
      value: 23.648018
      objectReference: {fileID: 0}
    - target: {fileID: 400004, guid: 8b15fb1b155ab5f4aae71a9b5a175beb, type: 3}
      propertyPath: m_LocalEulerAnglesHint.x
      value: -40.154694
      objectReference: {fileID: 0}
    - target: {fileID: 400004, guid: 8b15fb1b155ab5f4aae71a9b5a175beb, type: 3}
      propertyPath: m_LocalEulerAnglesHint.y
      value: -33.666912
      objectReference: {fileID: 0}
    - target: {fileID: 400004, guid: 8b15fb1b155ab5f4aae71a9b5a175beb, type: 3}
      propertyPath: m_LocalEulerAnglesHint.z
      value: 71.65014
      objectReference: {fileID: 0}
    - target: {fileID: 400100, guid: 8b15fb1b155ab5f4aae71a9b5a175beb, type: 3}
      propertyPath: m_LocalEulerAnglesHint.x
      value: 88.09334
      objectReference: {fileID: 0}
    - target: {fileID: 400100, guid: 8b15fb1b155ab5f4aae71a9b5a175beb, type: 3}
      propertyPath: m_LocalEulerAnglesHint.y
      value: 84.107185
      objectReference: {fileID: 0}
    - target: {fileID: 400100, guid: 8b15fb1b155ab5f4aae71a9b5a175beb, type: 3}
      propertyPath: m_LocalEulerAnglesHint.z
      value: 154.89198
      objectReference: {fileID: 0}
    - target: {fileID: 400034, guid: 8b15fb1b155ab5f4aae71a9b5a175beb, type: 3}
      propertyPath: m_LocalEulerAnglesHint.x
      value: 0.09457591
      objectReference: {fileID: 0}
    - target: {fileID: 400034, guid: 8b15fb1b155ab5f4aae71a9b5a175beb, type: 3}
      propertyPath: m_LocalEulerAnglesHint.y
      value: 27.070768
      objectReference: {fileID: 0}
    - target: {fileID: 400034, guid: 8b15fb1b155ab5f4aae71a9b5a175beb, type: 3}
      propertyPath: m_LocalEulerAnglesHint.z
      value: 6.8678727
      objectReference: {fileID: 0}
    - target: {fileID: 400056, guid: 8b15fb1b155ab5f4aae71a9b5a175beb, type: 3}
      propertyPath: m_LocalEulerAnglesHint.x
      value: 18.927645
      objectReference: {fileID: 0}
    - target: {fileID: 400056, guid: 8b15fb1b155ab5f4aae71a9b5a175beb, type: 3}
      propertyPath: m_LocalEulerAnglesHint.y
      value: -68.70646
      objectReference: {fileID: 0}
    - target: {fileID: 400056, guid: 8b15fb1b155ab5f4aae71a9b5a175beb, type: 3}
      propertyPath: m_LocalEulerAnglesHint.z
      value: 30.484812
      objectReference: {fileID: 0}
    - target: {fileID: 400058, guid: 8b15fb1b155ab5f4aae71a9b5a175beb, type: 3}
      propertyPath: m_LocalEulerAnglesHint.x
      value: 31.479136
      objectReference: {fileID: 0}
    - target: {fileID: 400058, guid: 8b15fb1b155ab5f4aae71a9b5a175beb, type: 3}
      propertyPath: m_LocalEulerAnglesHint.y
      value: 31.50595
      objectReference: {fileID: 0}
    - target: {fileID: 400058, guid: 8b15fb1b155ab5f4aae71a9b5a175beb, type: 3}
      propertyPath: m_LocalEulerAnglesHint.z
      value: -36.95002
      objectReference: {fileID: 0}
    - target: {fileID: 400002, guid: 8b15fb1b155ab5f4aae71a9b5a175beb, type: 3}
      propertyPath: m_LocalEulerAnglesHint.x
      value: -10.722417
      objectReference: {fileID: 0}
    - target: {fileID: 400002, guid: 8b15fb1b155ab5f4aae71a9b5a175beb, type: 3}
      propertyPath: m_LocalEulerAnglesHint.y
      value: 23.208813
      objectReference: {fileID: 0}
    - target: {fileID: 400002, guid: 8b15fb1b155ab5f4aae71a9b5a175beb, type: 3}
      propertyPath: m_LocalEulerAnglesHint.z
      value: -79.99624
      objectReference: {fileID: 0}
    - target: {fileID: 400042, guid: 8b15fb1b155ab5f4aae71a9b5a175beb, type: 3}
      propertyPath: m_LocalEulerAnglesHint.x
      value: 11.959605
      objectReference: {fileID: 0}
    - target: {fileID: 400042, guid: 8b15fb1b155ab5f4aae71a9b5a175beb, type: 3}
      propertyPath: m_LocalEulerAnglesHint.y
      value: 52.054
      objectReference: {fileID: 0}
    - target: {fileID: 400042, guid: 8b15fb1b155ab5f4aae71a9b5a175beb, type: 3}
      propertyPath: m_LocalEulerAnglesHint.z
      value: 42.799435
      objectReference: {fileID: 0}
    - target: {fileID: 400052, guid: 8b15fb1b155ab5f4aae71a9b5a175beb, type: 3}
      propertyPath: m_LocalEulerAnglesHint.x
      value: -4.2140555
      objectReference: {fileID: 0}
    - target: {fileID: 400052, guid: 8b15fb1b155ab5f4aae71a9b5a175beb, type: 3}
      propertyPath: m_LocalEulerAnglesHint.y
      value: 12.594965
      objectReference: {fileID: 0}
    - target: {fileID: 400052, guid: 8b15fb1b155ab5f4aae71a9b5a175beb, type: 3}
      propertyPath: m_LocalEulerAnglesHint.z
      value: -3.0166783
      objectReference: {fileID: 0}
    - target: {fileID: 400008, guid: 8b15fb1b155ab5f4aae71a9b5a175beb, type: 3}
      propertyPath: m_LocalEulerAnglesHint.x
      value: 17.866571
      objectReference: {fileID: 0}
    - target: {fileID: 400008, guid: 8b15fb1b155ab5f4aae71a9b5a175beb, type: 3}
      propertyPath: m_LocalEulerAnglesHint.y
      value: -20.52172
      objectReference: {fileID: 0}
    - target: {fileID: 400008, guid: 8b15fb1b155ab5f4aae71a9b5a175beb, type: 3}
      propertyPath: m_LocalEulerAnglesHint.z
      value: -33.07713
      objectReference: {fileID: 0}
    - target: {fileID: 400018, guid: 8b15fb1b155ab5f4aae71a9b5a175beb, type: 3}
      propertyPath: m_LocalEulerAnglesHint.x
      value: -3.6704888
      objectReference: {fileID: 0}
    - target: {fileID: 400018, guid: 8b15fb1b155ab5f4aae71a9b5a175beb, type: 3}
      propertyPath: m_LocalEulerAnglesHint.y
      value: 29.653881
      objectReference: {fileID: 0}
    - target: {fileID: 400018, guid: 8b15fb1b155ab5f4aae71a9b5a175beb, type: 3}
      propertyPath: m_LocalEulerAnglesHint.z
      value: -4.3212204
      objectReference: {fileID: 0}
    - target: {fileID: 400104, guid: 8b15fb1b155ab5f4aae71a9b5a175beb, type: 3}
      propertyPath: m_LocalEulerAnglesHint.x
      value: 16.050018
      objectReference: {fileID: 0}
    - target: {fileID: 400104, guid: 8b15fb1b155ab5f4aae71a9b5a175beb, type: 3}
      propertyPath: m_LocalEulerAnglesHint.y
      value: -3.723133
      objectReference: {fileID: 0}
    - target: {fileID: 400104, guid: 8b15fb1b155ab5f4aae71a9b5a175beb, type: 3}
      propertyPath: m_LocalEulerAnglesHint.z
      value: 6.4417076
      objectReference: {fileID: 0}
    - target: {fileID: 400006, guid: 8b15fb1b155ab5f4aae71a9b5a175beb, type: 3}
      propertyPath: m_LocalEulerAnglesHint.x
      value: 15.449568
      objectReference: {fileID: 0}
    - target: {fileID: 400006, guid: 8b15fb1b155ab5f4aae71a9b5a175beb, type: 3}
      propertyPath: m_LocalEulerAnglesHint.y
      value: 79.945
      objectReference: {fileID: 0}
    - target: {fileID: 400006, guid: 8b15fb1b155ab5f4aae71a9b5a175beb, type: 3}
      propertyPath: m_LocalEulerAnglesHint.z
      value: 29.807976
      objectReference: {fileID: 0}
    - target: {fileID: 400000, guid: 8b15fb1b155ab5f4aae71a9b5a175beb, type: 3}
      propertyPath: m_LocalEulerAnglesHint.x
      value: -2.3113434
      objectReference: {fileID: 0}
    - target: {fileID: 400000, guid: 8b15fb1b155ab5f4aae71a9b5a175beb, type: 3}
      propertyPath: m_LocalEulerAnglesHint.y
      value: -3.5889459
      objectReference: {fileID: 0}
    - target: {fileID: 400000, guid: 8b15fb1b155ab5f4aae71a9b5a175beb, type: 3}
      propertyPath: m_LocalEulerAnglesHint.z
      value: 37.9052
      objectReference: {fileID: 0}
    - target: {fileID: 400046, guid: 8b15fb1b155ab5f4aae71a9b5a175beb, type: 3}
      propertyPath: m_LocalEulerAnglesHint.x
      value: -0.9572492
      objectReference: {fileID: 0}
    - target: {fileID: 400046, guid: 8b15fb1b155ab5f4aae71a9b5a175beb, type: 3}
      propertyPath: m_LocalEulerAnglesHint.y
      value: -20.337929
      objectReference: {fileID: 0}
    - target: {fileID: 400046, guid: 8b15fb1b155ab5f4aae71a9b5a175beb, type: 3}
      propertyPath: m_LocalEulerAnglesHint.z
      value: -7.160778
      objectReference: {fileID: 0}
    - target: {fileID: 400086, guid: 8b15fb1b155ab5f4aae71a9b5a175beb, type: 3}
      propertyPath: m_LocalEulerAnglesHint.x
      value: -0.8002438
      objectReference: {fileID: 0}
    - target: {fileID: 400086, guid: 8b15fb1b155ab5f4aae71a9b5a175beb, type: 3}
      propertyPath: m_LocalEulerAnglesHint.y
      value: -2.6231833
      objectReference: {fileID: 0}
    - target: {fileID: 400086, guid: 8b15fb1b155ab5f4aae71a9b5a175beb, type: 3}
      propertyPath: m_LocalEulerAnglesHint.z
      value: 30.601297
      objectReference: {fileID: 0}
    - target: {fileID: 400050, guid: 8b15fb1b155ab5f4aae71a9b5a175beb, type: 3}
      propertyPath: m_LocalEulerAnglesHint.x
      value: -86.18884
      objectReference: {fileID: 0}
    - target: {fileID: 400050, guid: 8b15fb1b155ab5f4aae71a9b5a175beb, type: 3}
      propertyPath: m_LocalEulerAnglesHint.y
      value: 32.648197
      objectReference: {fileID: 0}
    - target: {fileID: 400050, guid: 8b15fb1b155ab5f4aae71a9b5a175beb, type: 3}
      propertyPath: m_LocalEulerAnglesHint.z
      value: 54.98094
      objectReference: {fileID: 0}
    - target: {fileID: 400022, guid: 8b15fb1b155ab5f4aae71a9b5a175beb, type: 3}
      propertyPath: m_LocalEulerAnglesHint.x
      value: 1.8557132
      objectReference: {fileID: 0}
    - target: {fileID: 400022, guid: 8b15fb1b155ab5f4aae71a9b5a175beb, type: 3}
      propertyPath: m_LocalEulerAnglesHint.y
      value: 3.1446083
      objectReference: {fileID: 0}
    - target: {fileID: 400022, guid: 8b15fb1b155ab5f4aae71a9b5a175beb, type: 3}
      propertyPath: m_LocalEulerAnglesHint.z
      value: 44.40787
      objectReference: {fileID: 0}
    - target: {fileID: 400102, guid: 8b15fb1b155ab5f4aae71a9b5a175beb, type: 3}
      propertyPath: m_LocalEulerAnglesHint.x
      value: -0.0000012794242
      objectReference: {fileID: 0}
    - target: {fileID: 400102, guid: 8b15fb1b155ab5f4aae71a9b5a175beb, type: 3}
      propertyPath: m_LocalEulerAnglesHint.y
      value: -89.953384
      objectReference: {fileID: 0}
    - target: {fileID: 400102, guid: 8b15fb1b155ab5f4aae71a9b5a175beb, type: 3}
      propertyPath: m_LocalEulerAnglesHint.z
      value: -88.666885
      objectReference: {fileID: 0}
    - target: {fileID: 400080, guid: 8b15fb1b155ab5f4aae71a9b5a175beb, type: 3}
      propertyPath: m_LocalEulerAnglesHint.x
      value: -1.9970601
      objectReference: {fileID: 0}
    - target: {fileID: 400080, guid: 8b15fb1b155ab5f4aae71a9b5a175beb, type: 3}
      propertyPath: m_LocalEulerAnglesHint.y
      value: 1.3265723
      objectReference: {fileID: 0}
    - target: {fileID: 400080, guid: 8b15fb1b155ab5f4aae71a9b5a175beb, type: 3}
      propertyPath: m_LocalEulerAnglesHint.z
      value: 18.981485
      objectReference: {fileID: 0}
    - target: {fileID: 400076, guid: 8b15fb1b155ab5f4aae71a9b5a175beb, type: 3}
      propertyPath: m_LocalEulerAnglesHint.x
      value: -1.3659581
      objectReference: {fileID: 0}
    - target: {fileID: 400076, guid: 8b15fb1b155ab5f4aae71a9b5a175beb, type: 3}
      propertyPath: m_LocalEulerAnglesHint.y
      value: -19.274403
      objectReference: {fileID: 0}
    - target: {fileID: 400076, guid: 8b15fb1b155ab5f4aae71a9b5a175beb, type: 3}
      propertyPath: m_LocalEulerAnglesHint.z
      value: 21.213118
      objectReference: {fileID: 0}
    - target: {fileID: 400070, guid: 8b15fb1b155ab5f4aae71a9b5a175beb, type: 3}
      propertyPath: m_LocalEulerAnglesHint.x
      value: -1.9808022
      objectReference: {fileID: 0}
    - target: {fileID: 400070, guid: 8b15fb1b155ab5f4aae71a9b5a175beb, type: 3}
      propertyPath: m_LocalEulerAnglesHint.y
      value: -1.0663682
      objectReference: {fileID: 0}
    - target: {fileID: 400070, guid: 8b15fb1b155ab5f4aae71a9b5a175beb, type: 3}
      propertyPath: m_LocalEulerAnglesHint.z
      value: 39.658005
      objectReference: {fileID: 0}
    - target: {fileID: 400094, guid: 8b15fb1b155ab5f4aae71a9b5a175beb, type: 3}
      propertyPath: m_LocalEulerAnglesHint.x
      value: 6.464842
      objectReference: {fileID: 0}
    - target: {fileID: 400094, guid: 8b15fb1b155ab5f4aae71a9b5a175beb, type: 3}
      propertyPath: m_LocalEulerAnglesHint.y
      value: 13.377539
      objectReference: {fileID: 0}
    - target: {fileID: 400094, guid: 8b15fb1b155ab5f4aae71a9b5a175beb, type: 3}
      propertyPath: m_LocalEulerAnglesHint.z
      value: 1.8587035
      objectReference: {fileID: 0}
    - target: {fileID: 400068, guid: 8b15fb1b155ab5f4aae71a9b5a175beb, type: 3}
      propertyPath: m_LocalEulerAnglesHint.x
      value: 5.2451825
      objectReference: {fileID: 0}
    - target: {fileID: 400068, guid: 8b15fb1b155ab5f4aae71a9b5a175beb, type: 3}
      propertyPath: m_LocalEulerAnglesHint.y
      value: -31.42954
      objectReference: {fileID: 0}
    - target: {fileID: 400068, guid: 8b15fb1b155ab5f4aae71a9b5a175beb, type: 3}
      propertyPath: m_LocalEulerAnglesHint.z
      value: -8.477093
      objectReference: {fileID: 0}
    - target: {fileID: 400040, guid: 8b15fb1b155ab5f4aae71a9b5a175beb, type: 3}
      propertyPath: m_LocalEulerAnglesHint.x
      value: -0.0000029274934
      objectReference: {fileID: 0}
    - target: {fileID: 400040, guid: 8b15fb1b155ab5f4aae71a9b5a175beb, type: 3}
      propertyPath: m_LocalEulerAnglesHint.y
      value: 0.000045911067
      objectReference: {fileID: 0}
    - target: {fileID: 400040, guid: 8b15fb1b155ab5f4aae71a9b5a175beb, type: 3}
      propertyPath: m_LocalEulerAnglesHint.z
      value: -0.000013352015
      objectReference: {fileID: 0}
    - target: {fileID: 400028, guid: 8b15fb1b155ab5f4aae71a9b5a175beb, type: 3}
      propertyPath: m_LocalEulerAnglesHint.x
      value: 0.59701735
      objectReference: {fileID: 0}
    - target: {fileID: 400028, guid: 8b15fb1b155ab5f4aae71a9b5a175beb, type: 3}
      propertyPath: m_LocalEulerAnglesHint.y
      value: -0.6017306
      objectReference: {fileID: 0}
    - target: {fileID: 400028, guid: 8b15fb1b155ab5f4aae71a9b5a175beb, type: 3}
      propertyPath: m_LocalEulerAnglesHint.z
      value: 29.949087
      objectReference: {fileID: 0}
    - target: {fileID: 400038, guid: 8b15fb1b155ab5f4aae71a9b5a175beb, type: 3}
      propertyPath: m_LocalEulerAnglesHint.x
      value: 2.3306587
      objectReference: {fileID: 0}
    - target: {fileID: 400038, guid: 8b15fb1b155ab5f4aae71a9b5a175beb, type: 3}
      propertyPath: m_LocalEulerAnglesHint.y
      value: 1.6927416
      objectReference: {fileID: 0}
    - target: {fileID: 400038, guid: 8b15fb1b155ab5f4aae71a9b5a175beb, type: 3}
      propertyPath: m_LocalEulerAnglesHint.z
      value: 41.277115
      objectReference: {fileID: 0}
    - target: {fileID: 400020, guid: 8b15fb1b155ab5f4aae71a9b5a175beb, type: 3}
      propertyPath: m_LocalEulerAnglesHint.x
      value: 3.288629
      objectReference: {fileID: 0}
    - target: {fileID: 400020, guid: 8b15fb1b155ab5f4aae71a9b5a175beb, type: 3}
      propertyPath: m_LocalEulerAnglesHint.y
      value: -1.0728456
      objectReference: {fileID: 0}
    - target: {fileID: 400020, guid: 8b15fb1b155ab5f4aae71a9b5a175beb, type: 3}
      propertyPath: m_LocalEulerAnglesHint.z
      value: 37.461468
      objectReference: {fileID: 0}
    - target: {fileID: 400090, guid: 8b15fb1b155ab5f4aae71a9b5a175beb, type: 3}
      propertyPath: m_LocalEulerAnglesHint.x
      value: 0.000035729772
      objectReference: {fileID: 0}
    - target: {fileID: 400090, guid: 8b15fb1b155ab5f4aae71a9b5a175beb, type: 3}
      propertyPath: m_LocalEulerAnglesHint.y
      value: -0.000044799122
      objectReference: {fileID: 0}
    - target: {fileID: 400090, guid: 8b15fb1b155ab5f4aae71a9b5a175beb, type: 3}
      propertyPath: m_LocalEulerAnglesHint.z
      value: -0.00002533649
      objectReference: {fileID: 0}
    - target: {fileID: 400074, guid: 8b15fb1b155ab5f4aae71a9b5a175beb, type: 3}
      propertyPath: m_LocalEulerAnglesHint.x
      value: 0.0000611488
      objectReference: {fileID: 0}
    - target: {fileID: 400074, guid: 8b15fb1b155ab5f4aae71a9b5a175beb, type: 3}
      propertyPath: m_LocalEulerAnglesHint.y
      value: 0.0000072981484
      objectReference: {fileID: 0}
    - target: {fileID: 400074, guid: 8b15fb1b155ab5f4aae71a9b5a175beb, type: 3}
      propertyPath: m_LocalEulerAnglesHint.z
      value: 0.00006768356
      objectReference: {fileID: 0}
    - target: {fileID: 400024, guid: 8b15fb1b155ab5f4aae71a9b5a175beb, type: 3}
      propertyPath: m_LocalEulerAnglesHint.x
      value: -0.000030727395
      objectReference: {fileID: 0}
    - target: {fileID: 400024, guid: 8b15fb1b155ab5f4aae71a9b5a175beb, type: 3}
      propertyPath: m_LocalEulerAnglesHint.y
      value: 0.000011232161
      objectReference: {fileID: 0}
    - target: {fileID: 400024, guid: 8b15fb1b155ab5f4aae71a9b5a175beb, type: 3}
      propertyPath: m_LocalEulerAnglesHint.z
      value: 0.000028618784
      objectReference: {fileID: 0}
    - target: {fileID: 400032, guid: 8b15fb1b155ab5f4aae71a9b5a175beb, type: 3}
      propertyPath: m_LocalEulerAnglesHint.x
      value: -0.0000092201735
      objectReference: {fileID: 0}
    - target: {fileID: 400032, guid: 8b15fb1b155ab5f4aae71a9b5a175beb, type: 3}
      propertyPath: m_LocalEulerAnglesHint.y
      value: -0.00007854078
      objectReference: {fileID: 0}
    - target: {fileID: 400032, guid: 8b15fb1b155ab5f4aae71a9b5a175beb, type: 3}
      propertyPath: m_LocalEulerAnglesHint.z
      value: -0.00006625228
      objectReference: {fileID: 0}
    - target: {fileID: 400012, guid: 8b15fb1b155ab5f4aae71a9b5a175beb, type: 3}
      propertyPath: m_LocalEulerAnglesHint.x
      value: 2.0819774
      objectReference: {fileID: 0}
    - target: {fileID: 400012, guid: 8b15fb1b155ab5f4aae71a9b5a175beb, type: 3}
      propertyPath: m_LocalEulerAnglesHint.y
      value: -0.34107253
      objectReference: {fileID: 0}
    - target: {fileID: 400012, guid: 8b15fb1b155ab5f4aae71a9b5a175beb, type: 3}
      propertyPath: m_LocalEulerAnglesHint.z
      value: 17.142262
      objectReference: {fileID: 0}
    - target: {fileID: 400014, guid: 8b15fb1b155ab5f4aae71a9b5a175beb, type: 3}
      propertyPath: m_LocalEulerAnglesHint.x
      value: 0.5864683
      objectReference: {fileID: 0}
    - target: {fileID: 400014, guid: 8b15fb1b155ab5f4aae71a9b5a175beb, type: 3}
      propertyPath: m_LocalEulerAnglesHint.y
      value: -0.2302241
      objectReference: {fileID: 0}
    - target: {fileID: 400014, guid: 8b15fb1b155ab5f4aae71a9b5a175beb, type: 3}
      propertyPath: m_LocalEulerAnglesHint.z
      value: 10.580011
      objectReference: {fileID: 0}
    - target: {fileID: 400088, guid: 8b15fb1b155ab5f4aae71a9b5a175beb, type: 3}
      propertyPath: m_LocalEulerAnglesHint.x
      value: -2.2122996
      objectReference: {fileID: 0}
    - target: {fileID: 400088, guid: 8b15fb1b155ab5f4aae71a9b5a175beb, type: 3}
      propertyPath: m_LocalEulerAnglesHint.y
      value: -1.4159694
      objectReference: {fileID: 0}
    - target: {fileID: 400088, guid: 8b15fb1b155ab5f4aae71a9b5a175beb, type: 3}
      propertyPath: m_LocalEulerAnglesHint.z
      value: 41.30126
      objectReference: {fileID: 0}
    - target: {fileID: 400092, guid: 8b15fb1b155ab5f4aae71a9b5a175beb, type: 3}
      propertyPath: m_LocalEulerAnglesHint.x
      value: 11.221483
      objectReference: {fileID: 0}
    - target: {fileID: 400092, guid: 8b15fb1b155ab5f4aae71a9b5a175beb, type: 3}
      propertyPath: m_LocalEulerAnglesHint.y
      value: -75.82946
      objectReference: {fileID: 0}
    - target: {fileID: 400092, guid: 8b15fb1b155ab5f4aae71a9b5a175beb, type: 3}
      propertyPath: m_LocalEulerAnglesHint.z
      value: 28.655293
      objectReference: {fileID: 0}
    - target: {fileID: 400062, guid: 8b15fb1b155ab5f4aae71a9b5a175beb, type: 3}
      propertyPath: m_LocalEulerAnglesHint.x
      value: -1.3326267
      objectReference: {fileID: 0}
    - target: {fileID: 400062, guid: 8b15fb1b155ab5f4aae71a9b5a175beb, type: 3}
      propertyPath: m_LocalEulerAnglesHint.y
      value: 0.0365475
      objectReference: {fileID: 0}
    - target: {fileID: 400062, guid: 8b15fb1b155ab5f4aae71a9b5a175beb, type: 3}
      propertyPath: m_LocalEulerAnglesHint.z
      value: 20.808167
      objectReference: {fileID: 0}
    - target: {fileID: 400010, guid: 8b15fb1b155ab5f4aae71a9b5a175beb, type: 3}
      propertyPath: m_LocalEulerAnglesHint.x
      value: -14.124957
      objectReference: {fileID: 0}
    - target: {fileID: 400010, guid: 8b15fb1b155ab5f4aae71a9b5a175beb, type: 3}
      propertyPath: m_LocalEulerAnglesHint.y
      value: 29.202728
      objectReference: {fileID: 0}
    - target: {fileID: 400010, guid: 8b15fb1b155ab5f4aae71a9b5a175beb, type: 3}
      propertyPath: m_LocalEulerAnglesHint.z
      value: -2.3823872
      objectReference: {fileID: 0}
    - target: {fileID: 400036, guid: 8b15fb1b155ab5f4aae71a9b5a175beb, type: 3}
      propertyPath: m_LocalEulerAnglesHint.x
      value: 1.1069065
      objectReference: {fileID: 0}
    - target: {fileID: 400036, guid: 8b15fb1b155ab5f4aae71a9b5a175beb, type: 3}
      propertyPath: m_LocalEulerAnglesHint.y
      value: 0.78205216
      objectReference: {fileID: 0}
    - target: {fileID: 400036, guid: 8b15fb1b155ab5f4aae71a9b5a175beb, type: 3}
      propertyPath: m_LocalEulerAnglesHint.z
      value: 29.187767
      objectReference: {fileID: 0}
    - target: {fileID: 400084, guid: 8b15fb1b155ab5f4aae71a9b5a175beb, type: 3}
      propertyPath: m_LocalEulerAnglesHint.x
      value: 1.2765548
      objectReference: {fileID: 0}
    - target: {fileID: 400084, guid: 8b15fb1b155ab5f4aae71a9b5a175beb, type: 3}
      propertyPath: m_LocalEulerAnglesHint.y
      value: -27.795626
      objectReference: {fileID: 0}
    - target: {fileID: 400084, guid: 8b15fb1b155ab5f4aae71a9b5a175beb, type: 3}
      propertyPath: m_LocalEulerAnglesHint.z
      value: 3.8332121
      objectReference: {fileID: 0}
    - target: {fileID: 400016, guid: 8b15fb1b155ab5f4aae71a9b5a175beb, type: 3}
      propertyPath: m_LocalEulerAnglesHint.x
      value: -0.00005158458
      objectReference: {fileID: 0}
    - target: {fileID: 400016, guid: 8b15fb1b155ab5f4aae71a9b5a175beb, type: 3}
      propertyPath: m_LocalEulerAnglesHint.y
      value: 0.00006463686
      objectReference: {fileID: 0}
    - target: {fileID: 400016, guid: 8b15fb1b155ab5f4aae71a9b5a175beb, type: 3}
      propertyPath: m_LocalEulerAnglesHint.z
      value: -0.000017763734
      objectReference: {fileID: 0}
    - target: {fileID: 400066, guid: 8b15fb1b155ab5f4aae71a9b5a175beb, type: 3}
      propertyPath: m_LocalEulerAnglesHint.x
      value: 0.000043259897
      objectReference: {fileID: 0}
    - target: {fileID: 400066, guid: 8b15fb1b155ab5f4aae71a9b5a175beb, type: 3}
      propertyPath: m_LocalEulerAnglesHint.y
      value: -0.000060022605
      objectReference: {fileID: 0}
    - target: {fileID: 400066, guid: 8b15fb1b155ab5f4aae71a9b5a175beb, type: 3}
      propertyPath: m_LocalEulerAnglesHint.z
      value: -0.000021162992
      objectReference: {fileID: 0}
    - target: {fileID: 400078, guid: 8b15fb1b155ab5f4aae71a9b5a175beb, type: 3}
      propertyPath: m_LocalEulerAnglesHint.x
      value: -0.3072797
      objectReference: {fileID: 0}
    - target: {fileID: 400078, guid: 8b15fb1b155ab5f4aae71a9b5a175beb, type: 3}
      propertyPath: m_LocalEulerAnglesHint.y
      value: -2.9581423
      objectReference: {fileID: 0}
    - target: {fileID: 400078, guid: 8b15fb1b155ab5f4aae71a9b5a175beb, type: 3}
      propertyPath: m_LocalEulerAnglesHint.z
      value: 30.571222
      objectReference: {fileID: 0}
    - target: {fileID: 400072, guid: 8b15fb1b155ab5f4aae71a9b5a175beb, type: 3}
      propertyPath: m_LocalEulerAnglesHint.x
      value: -1.2422584
      objectReference: {fileID: 0}
    - target: {fileID: 400072, guid: 8b15fb1b155ab5f4aae71a9b5a175beb, type: 3}
      propertyPath: m_LocalEulerAnglesHint.y
      value: -1.4743286
      objectReference: {fileID: 0}
    - target: {fileID: 400072, guid: 8b15fb1b155ab5f4aae71a9b5a175beb, type: 3}
      propertyPath: m_LocalEulerAnglesHint.z
      value: 44.050438
      objectReference: {fileID: 0}
    - target: {fileID: 400030, guid: 8b15fb1b155ab5f4aae71a9b5a175beb, type: 3}
      propertyPath: m_LocalEulerAnglesHint.x
      value: 1.8582088
      objectReference: {fileID: 0}
    - target: {fileID: 400030, guid: 8b15fb1b155ab5f4aae71a9b5a175beb, type: 3}
      propertyPath: m_LocalEulerAnglesHint.y
      value: -0.54524755
      objectReference: {fileID: 0}
    - target: {fileID: 400030, guid: 8b15fb1b155ab5f4aae71a9b5a175beb, type: 3}
      propertyPath: m_LocalEulerAnglesHint.z
      value: 17.873734
      objectReference: {fileID: 0}
    - target: {fileID: 400096, guid: 8b15fb1b155ab5f4aae71a9b5a175beb, type: 3}
      propertyPath: m_LocalEulerAnglesHint.x
      value: -3.392598
      objectReference: {fileID: 0}
    - target: {fileID: 400096, guid: 8b15fb1b155ab5f4aae71a9b5a175beb, type: 3}
      propertyPath: m_LocalEulerAnglesHint.y
      value: 31.1913
      objectReference: {fileID: 0}
    - target: {fileID: 400096, guid: 8b15fb1b155ab5f4aae71a9b5a175beb, type: 3}
      propertyPath: m_LocalEulerAnglesHint.z
      value: -7.2941394
      objectReference: {fileID: 0}
    - target: {fileID: 400048, guid: 8b15fb1b155ab5f4aae71a9b5a175beb, type: 3}
      propertyPath: m_LocalEulerAnglesHint.x
      value: -0.000038258455
      objectReference: {fileID: 0}
    - target: {fileID: 400048, guid: 8b15fb1b155ab5f4aae71a9b5a175beb, type: 3}
      propertyPath: m_LocalEulerAnglesHint.y
      value: -0.0000386674
      objectReference: {fileID: 0}
    - target: {fileID: 400048, guid: 8b15fb1b155ab5f4aae71a9b5a175beb, type: 3}
      propertyPath: m_LocalEulerAnglesHint.z
      value: 0.00004656794
      objectReference: {fileID: 0}
    - target: {fileID: 400098, guid: 8b15fb1b155ab5f4aae71a9b5a175beb, type: 3}
      propertyPath: m_LocalEulerAnglesHint.x
      value: 0.000037626978
      objectReference: {fileID: 0}
    - target: {fileID: 400098, guid: 8b15fb1b155ab5f4aae71a9b5a175beb, type: 3}
      propertyPath: m_LocalEulerAnglesHint.y
      value: 0.000050431794
      objectReference: {fileID: 0}
    - target: {fileID: 400098, guid: 8b15fb1b155ab5f4aae71a9b5a175beb, type: 3}
      propertyPath: m_LocalEulerAnglesHint.z
      value: 0.00005428918
      objectReference: {fileID: 0}
    - target: {fileID: 400044, guid: 8b15fb1b155ab5f4aae71a9b5a175beb, type: 3}
      propertyPath: m_LocalEulerAnglesHint.x
      value: -16.075333
      objectReference: {fileID: 0}
    - target: {fileID: 400044, guid: 8b15fb1b155ab5f4aae71a9b5a175beb, type: 3}
      propertyPath: m_LocalEulerAnglesHint.y
      value: -25.495073
      objectReference: {fileID: 0}
    - target: {fileID: 400044, guid: 8b15fb1b155ab5f4aae71a9b5a175beb, type: 3}
      propertyPath: m_LocalEulerAnglesHint.z
      value: 16.120043
      objectReference: {fileID: 0}
    - target: {fileID: 400082, guid: 8b15fb1b155ab5f4aae71a9b5a175beb, type: 3}
      propertyPath: m_LocalEulerAnglesHint.x
      value: -0.00003184021
      objectReference: {fileID: 0}
    - target: {fileID: 400082, guid: 8b15fb1b155ab5f4aae71a9b5a175beb, type: 3}
      propertyPath: m_LocalEulerAnglesHint.y
      value: 0.000064927575
      objectReference: {fileID: 0}
    - target: {fileID: 400082, guid: 8b15fb1b155ab5f4aae71a9b5a175beb, type: 3}
      propertyPath: m_LocalEulerAnglesHint.z
      value: -0.00009856042
      objectReference: {fileID: 0}
    - target: {fileID: 400064, guid: 8b15fb1b155ab5f4aae71a9b5a175beb, type: 3}
      propertyPath: m_LocalEulerAnglesHint.x
      value: -0.16496451
      objectReference: {fileID: 0}
    - target: {fileID: 400064, guid: 8b15fb1b155ab5f4aae71a9b5a175beb, type: 3}
      propertyPath: m_LocalEulerAnglesHint.y
      value: 0.92660004
      objectReference: {fileID: 0}
    - target: {fileID: 400064, guid: 8b15fb1b155ab5f4aae71a9b5a175beb, type: 3}
      propertyPath: m_LocalEulerAnglesHint.z
      value: 14.177789
      objectReference: {fileID: 0}
    - target: {fileID: 400060, guid: 8b15fb1b155ab5f4aae71a9b5a175beb, type: 3}
      propertyPath: m_LocalEulerAnglesHint.x
      value: -7.239634
      objectReference: {fileID: 0}
    - target: {fileID: 400060, guid: 8b15fb1b155ab5f4aae71a9b5a175beb, type: 3}
      propertyPath: m_LocalEulerAnglesHint.y
      value: -43.63422
      objectReference: {fileID: 0}
    - target: {fileID: 400060, guid: 8b15fb1b155ab5f4aae71a9b5a175beb, type: 3}
      propertyPath: m_LocalEulerAnglesHint.z
      value: -4.353847
      objectReference: {fileID: 0}
    - target: {fileID: 100110, guid: 8b15fb1b155ab5f4aae71a9b5a175beb, type: 3}
      propertyPath: m_IsActive
      value: 0
      objectReference: {fileID: 0}
    - target: {fileID: 100110, guid: 8b15fb1b155ab5f4aae71a9b5a175beb, type: 3}
      propertyPath: m_Name
      value: ZombieHalf
      objectReference: {fileID: 0}
    m_RemovedComponents: []
  m_SourcePrefab: {fileID: 100100000, guid: 8b15fb1b155ab5f4aae71a9b5a175beb, type: 3}
  m_IsPrefabAsset: 0
--- !u!1001 &1716736937
Prefab:
  m_ObjectHideFlags: 0
  serializedVersion: 2
  m_Modification:
    m_TransformParent: {fileID: 0}
    m_Modifications:
    - target: {fileID: 400126, guid: c3f2ab5f6b8bb5b4199517163b152585, type: 3}
      propertyPath: m_LocalPosition.x
      value: -5.7200785
      objectReference: {fileID: 0}
    - target: {fileID: 400126, guid: c3f2ab5f6b8bb5b4199517163b152585, type: 3}
      propertyPath: m_LocalPosition.y
      value: 1.4190808e-16
      objectReference: {fileID: 0}
    - target: {fileID: 400126, guid: c3f2ab5f6b8bb5b4199517163b152585, type: 3}
      propertyPath: m_LocalPosition.z
      value: -6.3909726
      objectReference: {fileID: 0}
    - target: {fileID: 400126, guid: c3f2ab5f6b8bb5b4199517163b152585, type: 3}
      propertyPath: m_LocalRotation.x
      value: 0
      objectReference: {fileID: 0}
    - target: {fileID: 400126, guid: c3f2ab5f6b8bb5b4199517163b152585, type: 3}
      propertyPath: m_LocalRotation.y
      value: 0
      objectReference: {fileID: 0}
    - target: {fileID: 400126, guid: c3f2ab5f6b8bb5b4199517163b152585, type: 3}
      propertyPath: m_LocalRotation.z
      value: 0
      objectReference: {fileID: 0}
    - target: {fileID: 400126, guid: c3f2ab5f6b8bb5b4199517163b152585, type: 3}
      propertyPath: m_LocalRotation.w
      value: 1
      objectReference: {fileID: 0}
    - target: {fileID: 400126, guid: c3f2ab5f6b8bb5b4199517163b152585, type: 3}
      propertyPath: m_RootOrder
      value: 3
      objectReference: {fileID: 0}
    - target: {fileID: 13700000, guid: c3f2ab5f6b8bb5b4199517163b152585, type: 3}
      propertyPath: m_Materials.Array.data[0]
      value: 
      objectReference: {fileID: 2100000, guid: 4c1312b34f5497a438fc2c0714786393, type: 2}
    - target: {fileID: 400118, guid: c3f2ab5f6b8bb5b4199517163b152585, type: 3}
      propertyPath: m_LocalRotation.x
      value: 0.49432114
      objectReference: {fileID: 0}
    - target: {fileID: 400118, guid: c3f2ab5f6b8bb5b4199517163b152585, type: 3}
      propertyPath: m_LocalRotation.z
      value: -0.4947235
      objectReference: {fileID: 0}
    - target: {fileID: 400118, guid: c3f2ab5f6b8bb5b4199517163b152585, type: 3}
      propertyPath: m_LocalRotation.w
      value: 0.5056239
      objectReference: {fileID: 0}
    - target: {fileID: 400118, guid: c3f2ab5f6b8bb5b4199517163b152585, type: 3}
      propertyPath: m_LocalPosition.x
      value: 0
      objectReference: {fileID: 0}
    - target: {fileID: 100126, guid: c3f2ab5f6b8bb5b4199517163b152585, type: 3}
      propertyPath: m_IsActive
      value: 1
      objectReference: {fileID: 0}
    - target: {fileID: 100126, guid: c3f2ab5f6b8bb5b4199517163b152585, type: 3}
      propertyPath: m_Name
      value: Zombie1
      objectReference: {fileID: 0}
    m_RemovedComponents: []
  m_SourcePrefab: {fileID: 100100000, guid: c3f2ab5f6b8bb5b4199517163b152585, type: 3}
  m_IsPrefabAsset: 0
--- !u!1 &1716736938 stripped
GameObject:
  m_CorrespondingSourceObject: {fileID: 100126, guid: c3f2ab5f6b8bb5b4199517163b152585,
    type: 3}
  m_PrefabInternal: {fileID: 1716736937}
--- !u!95 &1716736939
Animator:
  serializedVersion: 3
  m_ObjectHideFlags: 0
  m_CorrespondingSourceObject: {fileID: 0}
  m_PrefabInternal: {fileID: 0}
  m_GameObject: {fileID: 1716736938}
  m_Enabled: 1
  m_Avatar: {fileID: 9000000, guid: ea6ac73cd6dee7c45941eb28b77859c8, type: 3}
  m_Controller: {fileID: 9100000, guid: efe1a195b3cb3494c8cf5c2163f55151, type: 2}
  m_CullingMode: 0
  m_UpdateMode: 0
  m_ApplyRootMotion: 0
  m_LinearVelocityBlending: 0
  m_WarningMessage: 
  m_HasTransformHierarchy: 1
  m_AllowConstantClipSamplingOptimization: 1
  m_KeepAnimatorControllerStateOnDisable: 0
--- !u!1 &1920133454
GameObject:
  m_ObjectHideFlags: 0
  m_CorrespondingSourceObject: {fileID: 0}
  m_PrefabInternal: {fileID: 0}
  serializedVersion: 6
  m_Component:
  - component: {fileID: 1920133457}
  - component: {fileID: 1920133456}
  - component: {fileID: 1920133455}
  m_Layer: 0
  m_Name: Camera
  m_TagString: Untagged
  m_Icon: {fileID: 0}
  m_NavMeshLayer: 0
  m_StaticEditorFlags: 0
  m_IsActive: 1
--- !u!81 &1920133455
AudioListener:
  m_ObjectHideFlags: 0
  m_CorrespondingSourceObject: {fileID: 0}
  m_PrefabInternal: {fileID: 0}
  m_GameObject: {fileID: 1920133454}
  m_Enabled: 1
--- !u!20 &1920133456
Camera:
  m_ObjectHideFlags: 0
  m_CorrespondingSourceObject: {fileID: 0}
  m_PrefabInternal: {fileID: 0}
  m_GameObject: {fileID: 1920133454}
  m_Enabled: 1
  serializedVersion: 2
  m_ClearFlags: 1
  m_BackGroundColor: {r: 0.19215687, g: 0.3019608, b: 0.4745098, a: 0}
  m_projectionMatrixMode: 1
  m_SensorSize: {x: 36, y: 24}
  m_LensShift: {x: 0, y: 0}
  m_FocalLength: 50
  m_NormalizedViewPortRect:
    serializedVersion: 2
    x: 0
    y: 0
    width: 1
    height: 1
  near clip plane: 0.3
  far clip plane: 1000
  field of view: 60
  orthographic: 0
  orthographic size: 5
  m_Depth: 0
  m_CullingMask:
    serializedVersion: 2
    m_Bits: 4294967295
  m_RenderingPath: -1
  m_TargetTexture: {fileID: 0}
  m_TargetDisplay: 0
  m_TargetEye: 3
  m_HDR: 1
  m_AllowMSAA: 1
  m_AllowDynamicResolution: 0
  m_ForceIntoRT: 0
  m_OcclusionCulling: 1
  m_StereoConvergence: 10
  m_StereoSeparation: 0.022
--- !u!4 &1920133457
Transform:
  m_ObjectHideFlags: 0
  m_CorrespondingSourceObject: {fileID: 0}
  m_PrefabInternal: {fileID: 0}
  m_GameObject: {fileID: 1920133454}
  m_LocalRotation: {x: -0, y: 0.98298794, z: -0, w: 0.18367036}
  m_LocalPosition: {x: -5, y: 0.85549295, z: 0.23}
  m_LocalScale: {x: 1, y: 1, z: 1}
  m_Children: []
  m_Father: {fileID: 0}
  m_RootOrder: 7
  m_LocalEulerAnglesHint: {x: 0, y: 158.83301, z: 0}
--- !u!1001 &1922672348
Prefab:
  m_ObjectHideFlags: 0
  serializedVersion: 2
  m_Modification:
    m_TransformParent: {fileID: 0}
    m_Modifications:
    - target: {fileID: 400126, guid: 914006f864218674ea3a5be898f6286a, type: 3}
      propertyPath: m_LocalPosition.x
      value: 0.9227505
      objectReference: {fileID: 0}
    - target: {fileID: 400126, guid: 914006f864218674ea3a5be898f6286a, type: 3}
      propertyPath: m_LocalPosition.y
      value: 1.4921199e-16
      objectReference: {fileID: 0}
    - target: {fileID: 400126, guid: 914006f864218674ea3a5be898f6286a, type: 3}
      propertyPath: m_LocalPosition.z
      value: -6.7199106
      objectReference: {fileID: 0}
    - target: {fileID: 400126, guid: 914006f864218674ea3a5be898f6286a, type: 3}
      propertyPath: m_LocalRotation.x
      value: 0
      objectReference: {fileID: 0}
    - target: {fileID: 400126, guid: 914006f864218674ea3a5be898f6286a, type: 3}
      propertyPath: m_LocalRotation.y
      value: 0
      objectReference: {fileID: 0}
    - target: {fileID: 400126, guid: 914006f864218674ea3a5be898f6286a, type: 3}
      propertyPath: m_LocalRotation.z
      value: 0
      objectReference: {fileID: 0}
    - target: {fileID: 400126, guid: 914006f864218674ea3a5be898f6286a, type: 3}
      propertyPath: m_LocalRotation.w
      value: 1
      objectReference: {fileID: 0}
    - target: {fileID: 400126, guid: 914006f864218674ea3a5be898f6286a, type: 3}
      propertyPath: m_RootOrder
      value: 0
      objectReference: {fileID: 0}
    - target: {fileID: 13700000, guid: 914006f864218674ea3a5be898f6286a, type: 3}
      propertyPath: m_Materials.Array.data[0]
      value: 
      objectReference: {fileID: 2100000, guid: 9cbb293cfa9e7be48a46ca5e4897168a, type: 2}
    - target: {fileID: 400090, guid: 914006f864218674ea3a5be898f6286a, type: 3}
      propertyPath: m_LocalRotation.x
      value: -0.00002222741
      objectReference: {fileID: 0}
    - target: {fileID: 400090, guid: 914006f864218674ea3a5be898f6286a, type: 3}
      propertyPath: m_LocalRotation.z
      value: 0.0031937761
      objectReference: {fileID: 0}
    - target: {fileID: 400080, guid: 914006f864218674ea3a5be898f6286a, type: 3}
      propertyPath: m_LocalRotation.x
      value: 0.000005256471
      objectReference: {fileID: 0}
    - target: {fileID: 400080, guid: 914006f864218674ea3a5be898f6286a, type: 3}
      propertyPath: m_LocalRotation.z
      value: 0.010829226
      objectReference: {fileID: 0}
    - target: {fileID: 400106, guid: 914006f864218674ea3a5be898f6286a, type: 3}
      propertyPath: m_LocalRotation.x
      value: -0.016164852
      objectReference: {fileID: 0}
    - target: {fileID: 400106, guid: 914006f864218674ea3a5be898f6286a, type: 3}
      propertyPath: m_LocalRotation.z
      value: -0.038386375
      objectReference: {fileID: 0}
    - target: {fileID: 400016, guid: 914006f864218674ea3a5be898f6286a, type: 3}
      propertyPath: m_LocalRotation.x
      value: -0.00010686631
      objectReference: {fileID: 0}
    - target: {fileID: 400016, guid: 914006f864218674ea3a5be898f6286a, type: 3}
      propertyPath: m_LocalRotation.z
      value: -0.010790571
      objectReference: {fileID: 0}
    - target: {fileID: 100126, guid: 914006f864218674ea3a5be898f6286a, type: 3}
      propertyPath: m_IsActive
      value: 1
      objectReference: {fileID: 0}
    - target: {fileID: 100126, guid: 914006f864218674ea3a5be898f6286a, type: 3}
      propertyPath: m_Name
      value: Zombie4
      objectReference: {fileID: 0}
    m_RemovedComponents: []
  m_SourcePrefab: {fileID: 100100000, guid: 914006f864218674ea3a5be898f6286a, type: 3}
  m_IsPrefabAsset: 0
--- !u!1 &1922672349 stripped
GameObject:
  m_CorrespondingSourceObject: {fileID: 100126, guid: 914006f864218674ea3a5be898f6286a,
    type: 3}
  m_PrefabInternal: {fileID: 1922672348}
--- !u!95 &1922672350
Animator:
  serializedVersion: 3
  m_ObjectHideFlags: 0
  m_CorrespondingSourceObject: {fileID: 0}
  m_PrefabInternal: {fileID: 0}
  m_GameObject: {fileID: 1922672349}
  m_Enabled: 1
  m_Avatar: {fileID: 9000000, guid: f17870f0ad51bd943b75fd8861d89757, type: 3}
  m_Controller: {fileID: 9100000, guid: efe1a195b3cb3494c8cf5c2163f55151, type: 2}
  m_CullingMode: 0
  m_UpdateMode: 0
  m_ApplyRootMotion: 0
  m_LinearVelocityBlending: 0
  m_WarningMessage: 
  m_HasTransformHierarchy: 1
  m_AllowConstantClipSamplingOptimization: 1
  m_KeepAnimatorControllerStateOnDisable: 0
